 Dungeon Crawl Stone Soup version 0.19-a0-1206-g6bcb79c (webtiles) character file.

138 Gospel the Magician (level 5, -1/41 HPs)
             Began as a Ghoul Wizard on Aug 21, 2016.
             Slain by a gnoll
             ... wielding a +0 spear
              (12 damage)
             ... on level 3 of the Dungeon.
             The game lasted 00:08:28 (3574 turns).

Gospel the Magician (Ghoul Wizard)                  Turns: 3574, Time: 00:08:29

Health: -1/41      AC:  2    Str: 11    XL:     5   Next: 21%
Magic:  1/8        EV: 12    Int: 14    God:
Gold:   147        SH:  0    Dex:  7    Spells: 3 memorised, 4 levels left

rFire  . . .     SeeInvis .     j - +4 spear
rCold  + . .     Gourm    .     a - +0 robe
rNeg   + + +     Faith    .     (no shield)
rPois  ∞         Spirit   .     b - +0 hat
rElec  .         Dismiss  .     (no cloak)
rCorr  +         Reflect  .     (no gloves)
MR     .....     Harm     .     (no boots)
Stlth  ++........               (no amulet)
                                (no ring)
                                k - ring of resist corrosion

@: very slightly contaminated, rotting
A: rotting body, claws 1, carnivore 3, cold resistance 1, negative energy
resistance 3, slow regeneration 1, torment resistance, unbreathing
a: no special abilities


You were on level 3 of the Dungeon.
You were very hungry.

You visited 1 branch of the dungeon, and saw 3 of its levels.

You collected 147 gold pieces.

Inventory:

Hand Weapons
 j - a +4 spear (weapon)
 m - a -3 hunting sling
Armour
 a - a +0 robe (worn)
 b - a +0 hat (worn)
Jewellery
 k - a ring of resist corrosion (left claw)
Scrolls
 e - a scroll of fear {unknown}
 o - 2 scrolls of amnesia
Potions
 f - a potion of lignification
Books
 c - a book of Minor Magic

   Spells                             Type                      Level
   a - Magic Dart                     Conjuration                  1
   b - Blink                          Translocation                2
   c - Call Imp                       Summoning                    2
   d - Repel Missiles                 Charms/Air                   2
   e - Slow                           Hexes                        2
   f - Conjure Flame                  Conjuration/Fire             3
   g - Mephitic Cloud                 Conjuration/Poison/Air       3
Comestibles
 d - 4 meat rations
 h - 4 chunks of flesh
 p - a slice of pizza
 q - a beef jerky


   Skills:
 + Level 1.6 Fighting
 + Level 1.1 Polearms
 - Level 1.7 Dodging
 - Level 2.1 Stealth
 + Level 3.2 Spellcasting
 * Level 2.6 Conjurations
   Level 0.8 Summonings
   Level 0.8 Translocations
 + Level 1.0 Fire Magic


You had 4 spell levels left.
You knew the following spells:

 Your Spells              Type           Power        Failure   Level  Hunger
a - Magic Dart            Conj           #...         10%         1    #......
b - Repel Missiles        Chrm/Air       #.....       34%         2    ##.....
c - Conjure Flame         Conj/Fire      #.......     30%         3    ###....


Dungeon Overview and Level Annotations

Branches:
Dungeon (3/15)

Altars:
Fedhas

Annotations:
D:2 Ijyb


Innate Abilities, Weirdness & Mutations

Your body is rotting away.
You thrive on raw meat.
You are immune to poison.
You have sharp fingernails.
You are carnivorous and can eat meat at any time.
Your flesh is cold resistant. (rC+)
You are immune to negative energy. (rN+++)
You regenerate slowly when monsters are visible.
You are immune to unholy pain and torment.
You can survive without breathing.


Message History

Your magical contamination has completely faded away.
You are feeling very hungry.
You are too injured to fight recklessly!
Casting: Conjure Flame
Confirm with . or Enter, or press ? or * to list all spells.
Aiming: Conjure Flame
Press: ? - help, Dir - move target cursor, p - gnoll You miscast Conjure Flame.
You are very lightly contaminated with residual magic.
The air around you crackles with energy!
The gnoll barely misses you.
Casting: Conjure Flame
Confirm with . or Enter, or press ? or * to list all spells.
Aiming: Magic Dart
Press: ? - help, Shift-Dir - straight line, f - gnoll
Aim: a gnoll, wielding a spear (severely wounded)
The magic dart hits the gnoll.
The gnoll is severely wounded.
The gnoll hits you from afar with a spear!
You die...

#.[.......#####''######.##.....##
##.......## #.......# #.##.#..##
##.....## ###..######.##....#
##...## #....gg...#####.# ##'##
##.######## #.# ## #.##########.#
#.# .# #.##..)...##.# #.# .#
##.##.####.##.# #.# .###...#.#
#.##@# #.# .##......####.##.# #.#
............#.##g# #.#
.####.##.##.#.##.# #.### .#
#.##.##......# #.... .#
#.##.####.#### ##### .#
#.##......# ## #.#########
#####.####


You could see a gnoll.

Vanquished Creatures
  An orc priest (D:3)
  2 gnolls (D:3)
  2 adders
  4 dart slugs
  A giant gecko (D:3)
  4 orcs (D:3)
  A ball python (D:3)
  4 bats
  3 giant cockroaches (D:3)
  7 goblins
  7 hobgoblins
  7 jackals (D:2)
  3 giant newts
  7 kobolds
  3 rats
56 creatures vanquished.

Notes
Turn   | Place    | Note
-------+----------+-------------------------------------------
     0 | D:1      | Gospel the Ghoul Wizard began the quest for the Orb.
     0 | D:1      | Reached XP level 1. HP: 14/14 MP: 3/3
   185 | D:1      | Reached skill level 1 in Conjurations
   718 | D:1      | Reached XP level 2. HP: 18/20 MP: 0/4
  1416 | D:1      | Reached skill level 3 in Spellcasting
  1416 | D:1      | Reached XP level 3. HP: 27/27 MP: 0/6
  1724 | D:2      | Learned a level 2 spell: Repel Missiles
  1728 | D:2      | Learned a level 3 spell: Conjure Flame
  1998 | D:2      | Reached skill level 1 in Fighting
  2237 | D:2      | Noticed Ijyb
  2615 | D:3      | Reached XP level 4. HP: 33/35 MP: 0/7
  2704 | D:3      | Found a blossoming altar of Fedhas.
  3158 | D:3      | Reached skill level 1 in Polearms
  3393 | D:3      | Reached XP level 5. HP: 40/40 MP: 1/8
  3557 | D:3      | Reached skill level 1 in Fire Magic
  3574 | D:3      | Slain by a gnoll

Vault maps used:
D:1:      lightli_arrival_farm
D:2:      feat_on_display, uniq_iyjb
D:3:      minmay_diamond_boxcup, fedhas_altar_3, kennysheep_generic_room_12

Skill      XL: |  1  2  3  4  5 |
---------------+----------------+-----
Conjurations   | 1 2 |  2.6
Spellcasting   | 3 |  3.2
Fighting       | 1 |  1.6
Polearms       | 1 |  1.1
Fire Magic     | 1 |  1.0
Dodging        | |  1.7
Stealth        | |  2.1
Summonings     | |  0.8
Translocations | |  0.8

Action                   |  1- 3 |  4- 6 || total
-------------------------+-------+-------++-------
Melee: Unarmed           |    15 |       ||    15
       Spear             |    23 |    35 ||    58
       Hunting sling     |     1 |       ||     1
 Fire: Hunting sling     |     7 |       ||     7
 Cast: Magic Dart        |    73 |    46 ||   119
       Conjure Flame     |       |     1 ||     1
  Use: Scroll            |     7 |     1 ||     8
       Potion            |       |     8 ||     8
 Stab: Sleeping          |       |     1 ||     1
  Eat: Chunk             |     7 |     2 ||     9
Armor: Robe              |     9 |     6 ||    15
Dodge: Dodged            |    25 |    23 ||    48
